MLB
MINNESOTA TWINS @ MILWAUKEE BREWERS
06/18/2042
 
TOP OF THE 1ST
Minnesota Twins batting - Pitching for Milwaukee Brewers : LHP Tim Murray
Pitching: LHP Tim Murray
Batting: LHB Ánibal Santos 0-0: Ball
1-0: Foul Ball, location: 2F
1-1: Ball
2-1: Foul Ball, location: 7LDF
2-2: Foul Ball, location: 5FF
2-2: Ball
3-2: Ground out 6-3 (Groundball, 56, EV 110.6 MPH)
Batting: LHB Kaspar Linge 0-0: Foul Ball, location: 2F
0-1: Ball
1-1: SINGLE (Line Drive, 9LS, EV 93.8 MPH)
Batting: LHB Joe Anderson 0-0: Ball
Kaspar Linge is caught stealing 2nd base 2-6
1-0: Fly out, F7 (Line Drive, 78M, EV 91.9 MPH)
Top of the 1st over - 0 runs, 1 hit, 0 errors, 0 left on base; Minnesota 0 - Milwaukee 0
BOTTOM OF THE 1ST
Milwaukee Brewers batting - Pitching for Minnesota Twins : RHP Chad Foster
Pitching: RHP Chad Foster
Batting: SHB José Hernández 0-0: Ball
1-0: Ball
2-0: Ball
3-0: Called Strike
3-1: Called Strike
3-2: DOUBLE (Line Drive, 7LM, EV 108.8 MPH)
Batting: LHB Dave Lynch 0-0: Ball
1-0: Swinging Strike
1-1: Foul Ball, location: 7LDF
1-2: Strikes out swinging
Batting: RHB Pepe Franco 0-0: Called Strike
José Hernández steals 3rd base
0-1: Foul Ball, location: 2F
0-2: Ball
1-2: Foul Ball, location: 2F
1-2: DOUBLE (Flyball, 8LXD, EV 90.0 MPH)
José Hernández scores
Batting: LHB Jesús Garza 0-0: Called Strike
0-1: Foul Ball, location: 3F
0-2: Ball
1-2: Strikes out swinging
Batting: LHB Jake Allen 0-0: Called Strike
0-1: Ball
1-1: Ball
2-1: SINGLE (Line Drive, 6D, EV 104.4 MPH)
Pepe Franco to third
Runner from 3rd tries for Home, SAFE, throw by CF to home
Batting: RHB Tony Hoover 0-0: Ball
1-0: Swinging Strike
1-1: Foul Ball, location: 2F
1-2: Ball
2-2: Foul Ball, location: 25FF
2-2: Ball
3-2: Foul Ball, location: 7LSF
3-2: Base on Balls
Jake Allen to second
Batting: LHB Jorge Ramírez 0-0: Swinging Strike
0-1: Ball
1-1: Foul Ball, location: 2F
1-2: Foul Ball, location: 2F
1-2: SINGLE (Groundball, 34D, EV 94.4 MPH)
Jake Allen to third
Tony Hoover to second
Runner from 3rd tries for Home, throw by RF and OUT! 9-2
Bottom of the 1st over - 2 runs, 4 hits, 0 errors, 2 left on base; Minnesota 0 - Milwaukee 2
TOP OF THE 2ND
Minnesota Twins batting - Pitching for Milwaukee Brewers : LHP Tim Murray
Batting: RHB Mike Hudson 0-0: Called Strike
0-1: Swinging Strike
0-2: Strikes out swinging
Batting: SHB Steve Sanders 0-0: Called Strike
0-1: Foul Ball, location: 2F
0-2: Strikes out swinging
Batting: LHB Pancho Cervantez 0-0: Ball
1-0: Called Strike
1-1: Hit by Pitch
Batting: RHB Connor Teek 0-0: Ball
1-0: Ball
2-0: Swinging Strike
2-1: Ball
3-1: Base on Balls
Pancho Cervantez to second
Batting: RHB Chris Porter 0-0: Foul Ball, location: 9LDF
0-1: Foul Ball, location: 7LSF
0-2: Ball
1-2: Fly out, F7 (Flyball, 7, EV 91.9 MPH)
Top of the 2nd over - 0 runs, 0 hits, 0 errors, 2 left on base; Minnesota 0 - Milwaukee 2
BOTTOM OF THE 2ND
Milwaukee Brewers batting - Pitching for Minnesota Twins : RHP Chad Foster
Batting: SHB Jim Henderson Jr. 0-0: Bunt for hit to 15S - play at first, batter OUT! 1-3
Batting: RHB Dan Thompson 0-0: Swinging Strike
0-1: Ball
1-1: Swinging Strike
1-2: Ball
2-2: Strikes out swinging
Batting: SHB José Hernández 0-0: Ground out 1-3 (Groundball, 15, EV 68.1 MPH)
Bottom of the 2nd over - 0 runs, 0 hits, 0 errors, 0 left on base; Minnesota 0 - Milwaukee 2
TOP OF THE 3RD
Minnesota Twins batting - Pitching for Milwaukee Brewers : LHP Tim Murray
Batting: RHB Ángelo Sánchez 0-0: Ball
1-0: Foul Ball, location: 2F
1-1: Swinging Strike
1-2: Ball
2-2: Ball
3-2: Strikes out looking
Batting: LHB Ánibal Santos 0-0: Called Strike
0-1: Ball
1-1: Foul Ball, location: 2F
1-2: Fly out, F9 (Flyball, 89M, EV 95.6 MPH)
Batting: LHB Kaspar Linge 0-0: Ball
1-0: Called Strike
1-1: Ball
2-1: Ball
3-1: Called Strike
3-2: Foul Ball, location: 2LF
3-2: Foul Ball, location: 5FF
3-2: SINGLE (Line Drive, 7LS, EV 91.3 MPH)
Batting: LHB Joe Anderson 0-0: Ball
1-0: Ball
2-0: Fly out, F9 (Flyball, 89M, EV 85.6 MPH)
Top of the 3rd over - 0 runs, 1 hit, 0 errors, 1 left on base; Minnesota 0 - Milwaukee 2
BOTTOM OF THE 3RD
Milwaukee Brewers batting - Pitching for Minnesota Twins : RHP Chad Foster
Batting: LHB Dave Lynch 0-0: Ball
1-0: Foul Ball, location: 2F
1-1: Foul Ball, location: 7LSF
1-2: Ball
2-2: Foul Ball, location: 2F
2-2: Ground out U3 (Groundball, 3L, EV 86.9 MPH)
Batting: RHB Pepe Franco 0-0: Called Strike
0-1: Ball
1-1: Ball
2-1: Foul Ball, location: 2F
2-2: Foul Ball, location: 7LSF
2-2: Foul Ball, location: 23F
2-2: DOUBLE (Flyball, 78D, EV 96.9 MPH)
Batting: LHB Jesús Garza 0-0: Ball
1-0: Called Strike
1-1: 2-RUN HOME RUN (Flyball, 89XD, EV 108.8 MPH), Distance : 435 ft
Batting: LHB Jake Allen 0-0: Foul Ball, location: 2F
0-1: Ball
1-1: SOLO HOME RUN (Flyball, 8RXD, EV 111.3 MPH), Distance : 431 ft
Batting: RHB Tony Hoover 0-0: Ball
1-0: Foul Ball, location: 25FF
1-1: Foul Ball, location: 2F
1-2: Ball
2-2: Ball
3-2: Fly out, F7 (Flyball, 78S, EV 91.3 MPH)
Batting: LHB Jorge Ramírez 0-0: Ball
1-0: Ball
2-0: Ball
3-0: Base on Balls
Batting: SHB Jim Henderson Jr. 0-0: Fly out, F7 (Flyball, 78D, EV 103.1 MPH)
Bottom of the 3rd over - 3 runs, 3 hits, 0 errors, 1 left on base; Minnesota 0 - Milwaukee 5
TOP OF THE 4TH
Minnesota Twins batting - Pitching for Milwaukee Brewers : LHP Tim Murray
Batting: RHB Mike Hudson 0-0: Ball
1-0: Called Strike
1-1: SINGLE (Line Drive, 34D, EV 99.4 MPH)
Batting: SHB Steve Sanders 0-0: Ball
1-0: Foul Ball, location: 2F
1-1: Ground out 4-3 (Groundball, 4, EV 76.3 MPH)
Mike Hudson to second
Batting: LHB Pancho Cervantez 0-0: Called Strike
0-1: Swinging Strike
0-2: Fly out, F8 (Flyball, 8LD, EV 81.9 MPH)
Batting: RHB Connor Teek 0-0: Called Strike
0-1: Foul Ball, location: 25F
0-2: Ball
1-2: Strikes out swinging
Top of the 4th over - 0 runs, 1 hit, 0 errors, 1 left on base; Minnesota 0 - Milwaukee 5
BOTTOM OF THE 4TH
Milwaukee Brewers batting - Pitching for Minnesota Twins : RHP Chad Foster
Batting: RHB Dan Thompson 0-0: Ball
1-0: Called Strike
1-1: Swinging Strike
1-2: Fly out, F9 (Flyball, 9, EV 78.8 MPH)
Batting: SHB José Hernández 0-0: Swinging Strike
0-1: Swinging Strike
0-2: Ball
1-2: Ground out U3 (Groundball, 3, EV 93.8 MPH)
Batting: LHB Dave Lynch 0-0: Called Strike
0-1: Ball
1-1: Ball
2-1: SINGLE (Groundball, 56D, EV 100.6 MPH) (infield hit)
Batting: RHB Pepe Franco 0-0: Ball
1-0: Ball
Dave Lynch is caught stealing 2nd base 2-4
Bottom of the 4th over - 0 runs, 1 hit, 0 errors, 0 left on base; Minnesota 0 - Milwaukee 5
TOP OF THE 5TH
Minnesota Twins batting - Pitching for Milwaukee Brewers : LHP Tim Murray
Batting: RHB Chris Porter 0-0: Ball
1-0: Ball
2-0: SINGLE (Line Drive, 7S, EV 93.8 MPH)
Batting: RHB Ángelo Sánchez 0-0: SINGLE (Groundball, 4MD, EV 110.6 MPH)
Chris Porter to second
Batting: LHB Ánibal Santos 0-0: Ball
1-0: Ball
2-0: Called Strike
2-1: SINGLE (Groundball, 34S, EV 64.4 MPH) (infield hit)
Chris Porter to third
Ángelo Sánchez to second
Batting: LHB Kaspar Linge 0-0: Ball
1-0: Ball
2-0: Fly out, F6 (Popup, 6MS, EV 65.6 MPH)
Batting: LHB Joe Anderson 0-0: Called Strike
0-1: Ball
1-1: Ball
2-1: Foul Ball, location: 7LMF
2-2: Strikes out swinging
Batting: RHB Mike Hudson 0-0: Ball
1-0: Ball
2-0: GRAND SLAM HOME RUN (Flyball, 7LD, EV 98.8 MPH), Distance : 368 ft
Batting: SHB Steve Sanders 0-0: Called Strike
0-1: Called Strike
0-2: Ball
1-2: Fly out, F8 (Flyball, 8LD, EV 81.9 MPH)
Top of the 5th over - 4 runs, 4 hits, 0 errors, 0 left on base; Minnesota 4 - Milwaukee 5
BOTTOM OF THE 5TH
Milwaukee Brewers batting - Pitching for Minnesota Twins : RHP Chad Foster
Batting: RHB Pepe Franco 0-0: Ball
1-0: SINGLE (Flyball, 6MD, EV 98.1 MPH)
Batting: LHB Jesús Garza 0-0: SINGLE (Line Drive, 4D, EV 100.0 MPH)
Pepe Franco to second
Runner from 2nd tries for 3rd, SAFE, throw by CF made to third
Batting: LHB Jake Allen 0-0: Ball
1-0: Swinging Strike
1-1: Foul Ball, location: 25FF
1-2: Fly out, F8 (Line Drive, 8RD, EV 85.6 MPH)
Batting: RHB Tony Hoover 0-0: Ball
1-0: Foul Ball, location: 5SF
1-1: Called Strike
1-2: Strikes out swinging
Pitching: RHP Juan Carlos Arellano
Batting: LHB Jorge Ramírez 0-0: Ball
1-0: Ball
2-0: Ball
3-0: Called Strike
3-1: Called Strike
3-2: Strikes out swinging
Bottom of the 5th over - 0 runs, 2 hits, 0 errors, 2 left on base; Minnesota 4 - Milwaukee 5
TOP OF THE 6TH
Minnesota Twins batting - Pitching for Milwaukee Brewers : LHP Tim Murray
Batting: LHB Pancho Cervantez 0-0: Called Strike
0-1: Swinging Strike
0-2: Strikes out swinging
Batting: RHB Connor Teek 0-0: Foul Ball, location: 2F
0-1: Ball
1-1: Fly out, F7 (Flyball, 78M, EV 86.9 MPH)
Batting: RHB Chris Porter 0-0: Swinging Strike
0-1: SINGLE (Line Drive, 4MD, EV 101.3 MPH)
Pitching: RHP Ben Walker
Batting: RHB Ángelo Sánchez 0-0: Ball
1-0: Foul Ball, location: 25F
1-1: Ball
2-1: Ball
3-1: SINGLE (Line Drive, 6MD, EV 95.6 MPH)
Chris Porter to second
Batting: LHB Ánibal Santos 0-0: Ball
Wild Pitch!
Chris Porter to third
Ángelo Sánchez to second
1-0: Ball
2-0: Ball
3-0: Called Strike
3-1: Called Strike
3-2: TRIPLE (Flyball, 7LD, EV 89.4 MPH)
Chris Porter scores
Ángelo Sánchez scores
Batting: LHB Kaspar Linge 0-0: Called Strike
0-1: Ball
1-1: Fly out, F4 (Line Drive, 4M, EV 67.5 MPH)
Top of the 6th over - 2 runs, 3 hits, 0 errors, 1 left on base; Minnesota 6 - Milwaukee 5
BOTTOM OF THE 6TH
Milwaukee Brewers batting - Pitching for Minnesota Twins : RHP Juan Carlos Arellano
Batting: SHB Jim Henderson Jr. 0-0: Called Strike
0-1: Foul Ball, location: 7LMF
0-2: Ball
1-2: Ball
2-2: Ball
3-2: Foul Ball, location: 2F
3-2: Fly out, F9 (Flyball, 89S, EV 89.4 MPH)
Batting: RHB Dan Thompson 0-0: Called Strike
0-1: Swinging Strike
0-2: Foul Ball, location: 9LMF
0-2: Strikes out swinging
Batting: SHB José Hernández 0-0: Ball
1-0: Fly out, F4 (Popup, 4MD, EV 71.9 MPH)
Bottom of the 6th over - 0 runs, 0 hits, 0 errors, 0 left on base; Minnesota 6 - Milwaukee 5
TOP OF THE 7TH
Minnesota Twins batting - Pitching for Milwaukee Brewers : RHP Ben Walker
Batting: LHB Joe Anderson 0-0: Ball
1-0: Ball
2-0: Called Strike
2-1: Ball
3-1: Foul Ball, location: 7LMF
3-2: Ground out 4-3 (Groundball, 4, EV 91.3 MPH)
Batting: RHB Mike Hudson 0-0: SOLO HOME RUN (Flyball, 78XD, EV 111.9 MPH), Distance : 453 ft
Batting: SHB Steve Sanders 0-0: Foul Ball, location: 2F
0-1: Called Strike
0-2: Ball
1-2: Ball
2-2: Strikes out looking
Batting: LHB Pancho Cervantez 0-0: Fly out, F8 (Flyball, 8LD, EV 105.6 MPH)
Top of the 7th over - 1 run, 1 hit, 0 errors, 0 left on base; Minnesota 7 - Milwaukee 5
BOTTOM OF THE 7TH
Milwaukee Brewers batting - Pitching for Minnesota Twins : RHP Juan Carlos Arellano
Batting: LHB Dave Lynch 0-0: Swinging Strike
0-1: Hit by Pitch
Batting: RHB Pepe Franco 0-0: Ball
1-0: Ball
Dave Lynch steals 2nd base (no throw)
2-0: Swinging Strike
2-1: Called Strike
2-2: Fly out, F6 (Line Drive, 6M, EV 65.6 MPH)
Batting: LHB Jesús Garza 0-0: Ball
1-0: Swinging Strike
1-1: Called Strike
1-2: Foul Ball, location: 25FF
1-2: Ball
2-2: Fly out, F8 (Line Drive, 8RD, EV 85.6 MPH)
Runner from 2nd tags up, OUT at 3rd! 8-5
Bottom of the 7th over - 0 runs, 0 hits, 0 errors, 0 left on base; Minnesota 7 - Milwaukee 5
TOP OF THE 8TH
Minnesota Twins batting - Pitching for Milwaukee Brewers : RHP Ben Walker
Batting: RHB Connor Teek 0-0: Called Strike
0-1: Called Strike
0-2: Ball
1-2: Foul Ball, location: 2F
1-2: Foul Ball, location: 2F
1-2: Ball
2-2: Ball
3-2: Ground out 6-3 (Groundball, 6, EV 88.8 MPH)
Batting: RHB Chris Porter 0-0: Foul Ball, location: 2F
0-1: Called Strike
0-2: Strikes out looking
Batting: RHB Ángelo Sánchez 0-0: Called Strike
0-1: Ball
1-1: Ball
2-1: Foul Ball, location: 3FF
2-2: Foul Ball, location: 2F
2-2: Ground out 4-3 (Groundball, 4, EV 76.3 MPH)
Top of the 8th over - 0 runs, 0 hits, 0 errors, 0 left on base; Minnesota 7 - Milwaukee 5
BOTTOM OF THE 8TH
Milwaukee Brewers batting - Pitching for Minnesota Twins : RHP Juan Carlos Arellano
Batting: LHB Jake Allen 0-0: Fly out, F4 (Popup, 4, EV 63.1 MPH)
Batting: LHB Jeff Flowers 0-0: Ball
1-0: Foul Ball, location: 7LSF
1-1: Fly out, F8 (Flyball, 8LD, EV 106.9 MPH)
Batting: LHB Jorge Ramírez 0-0: Called Strike
0-1: Called Strike
0-2: Ball
1-2: Ball
2-2: Foul Ball, location: 2F
2-2: Ball
3-2: Foul Ball, location: 2F
3-2: Foul Ball, location: 2F
3-2: Fly out, F8 (Flyball, 89S, EV 89.4 MPH)
Bottom of the 8th over - 0 runs, 0 hits, 0 errors, 0 left on base; Minnesota 7 - Milwaukee 5
TOP OF THE 9TH
Minnesota Twins batting - Pitching for Milwaukee Brewers : RHP Ben Walker
Batting: LHB Ánibal Santos 0-0: Called Strike
0-1: Ball
1-1: Called Strike
1-2: Foul Ball, location: 7LSF
1-2: Ball
2-2: Fly out, F9 (Flyball, 9, EV 90.6 MPH)
Batting: LHB Kaspar Linge 0-0: Foul Ball, location: 2F
0-1: Swinging Strike
0-2: Foul Ball, location: 2F
0-2: Ball
1-2: Fly out, F8 (Flyball, 8RM, EV 98.1 MPH)
Pitching: LHP Jorge Alfonzo
Batting: LHB Joe Anderson 0-0: Ball
1-0: Called Strike
1-1: Foul Ball, location: 2F
1-2: Ball
2-2: Strikes out swinging
Top of the 9th over - 0 runs, 0 hits, 0 errors, 0 left on base; Minnesota 7 - Milwaukee 5
BOTTOM OF THE 9TH
Milwaukee Brewers batting - Pitching for Minnesota Twins : RHP Juan Carlos Arellano
Pitching: RHP Giancarlo Scarabelli
Now at 1B: Juan Juárez
Batting: SHB Jim Henderson Jr. 0-0: Ball
1-0: Called Strike
1-1: Ball
2-1: Swinging Strike
2-2: Foul Ball, location: 2F
2-2: Strikes out swinging
Pinch Hitting: RHB Juan Alvarado 0-0: Called Strike
0-1: Called Strike
0-2: Ball
1-2: Fly out, F7 (Flyball, 7S, EV 82.5 MPH)
Batting: SHB José Hernández 0-0: Ball
1-0: Foul Ball, location: 2F
1-1: Ground out 3-1 (Groundball, 13, EV 88.1 MPH)
Bottom of the 9th over - 0 runs, 0 hits, 0 errors, 0 left on base; Minnesota 7 - Milwaukee 5
Friday, May 3rd , 2024 - OOTP Baseball 24.10 Build 82